AoeStats
← Pielover757

Nomad

509868412Analyzed
4v4 RM · 4d ago on Sep 28, 2026· 35m 0s· 8 players
Game mode
Random Map
Map size
231×231
Population
200
Speed
Normal
Resources
Standard
Victory
Conquest
Starting age
Dark Age
Ending age
Imperial Age
RankedLock teamsTeams togetherTeam positionsShared explorationLock speedFull tech treeHidden civsTurbo modeCheats
Victory
Defeat
🇹🇼 Berbers · Taiwan
1643
+16
🇨🇳 Mongols · China
1607
+18
🇦🇷 Saracens · Argentina
1592
+19
🇿🇦 Italians · South Africa
1559
+20
🇹🇼 Malay · Taiwan
1754
-22
1715
-21
🇹🇼 Koreans · Taiwan
1583
-16
🇦🇷 Danes · Argentina
1544
-14
枕上鸳鸯睡红莲
5:48 Loom
13:36 Feudal Age
15:02 Double-Bit Axe
17:25 Castle Age
15:22 Gold Mining
15:44 Fishing Lines
16:29 Fletching
16:41 Padded Archer Armor
18:20 Bow Saw
18:48 Gold Shaft Mining
18:03 Gillnets
19:52 Bodkin Arrow
21:00 Leather Archer Armor
22:54 Ballistics
23:47 Husbandry
24:04 Bloodlines
27:55 Wheelbarrow
31:30 Imperial Age
29:05 Town Watch
30:20 Stone Mining
31:30 Hand Cart
31:26 Horse Collar
31:56 Herbal Medicine
33:33 Chemistry
32:50 Thumb Ring
33:32 Parthian Tactics
33:40 Conscription
34:02 Bracer
34:47 Heavy Plow
重炮手雷龍
12:52 Feudal Age
12:34 Loom
16:30 Castle Age
14:36 Loom
16:56 Fletching
16:52 Double-Bit Axe
16:48 Horse Collar
17:52 Bow Saw
20:54 Bodkin Arrow
22:20 Padded Archer Armor
26:06 Ballistics
29:20 Imperial Age
29:22 Ballistics
Kant be real
12:46 Feudal Age
13:19 Double-Bit Axe
14:55 Fletching
20:45 Castle Age
21:23 Bodkin Arrow
21:41 Medium Warships
21:55 Bow Saw
28:05 Horse Collar
32:30 Heavy Plow
32:56 Stone Mining
33:13 Scale Barding Armor
Pielover757
4:36 Loom
13:10 Feudal Age
14:23 Double-Bit Axe
14:35 Town Watch
19:57 Castle Age
21:32 Forging
22:09 Medium Warships
27:38 Fletching
36:15 Imperial Age
默默默默默
5:10 Loom
14:16 Feudal Age
15:02 Fishing Lines
18:09 Castle Age
16:08 Double-Bit Axe
17:11 Gold Mining
17:10 Arson
17:27 Town Watch
17:48 Man-at-Arms
19:06 Gillnets
24:08 Bow Saw
24:52 Man-at-Arms
25:17 Gambesons
26:42 Long Swordsman
28:38 Scale Mail Armor
32:22 Chain Mail Armor
32:39 Horse Collar
34:42 Wheelbarrow
Kevin10_7414
4:50 Loom
15:01 Feudal Age
15:18 Town Watch
15:22 Double-Bit Axe
18:18 Castle Age
17:30 Gold Mining
17:24 Fishing Lines
17:52 Fletching
18:14 Crossbowman
19:42 Bodkin Arrow
26:45 Imperial Age
24:39 Ballistics
26:07 Bow Saw
26:05 Thumb Ring
27:14 Chemistry
26:42 Bracer
30:33 Arbalester
34:02 Thumb Ring
波斯小象
13:51 Feudal Age
14:45 Loom
18:01 Castle Age
17:05 Double-Bit Axe
18:29 Fishing Lines
19:01 Medium Warships
20:39 Forging
20:23 Gold Mining
20:47 Bow Saw
23:47 Horse Collar
28:25 Wheelbarrow
34:16 Heavy Plow
37:00 Imperial Age
Kevin的下分小幫手
10:10 Loom
12:34 Feudal Age
13:01 Town Watch
14:47 Town Watch
19:15 Castle Age
19:16 Fletching
24:47 Bodkin Arrow
Connection lost

Rejoining the realm…

Still unreachable

The connection could not be restored.

Session expired

The server has moved on; the page needs a fresh start.